 Dungeon Crawl Stone Soup version 0.27.1-34-g3ba077fa99 (webtiles) character file.

Game seed: 18324961729869881031

513 zeram the Cudgeller (level 7, -15/67 HPs)
             Began as a Troll Fighter on Jan 20, 2022.
             Demolished by a two-headed ogre (22 damage)
             ... on level 4 of the Dungeon.
             The game lasted 00:04:56 (1924 turns).

zeram the Cudgeller (Troll Fighter)                 Turns: 1924, Time: 00:04:59

Health: -15/67     AC:  5    Str: 27    XL:     7   Next: 0%
Magic:  6/6        EV:  8    Int:  4    God:
Gold:   138        SH:  9    Dex:  9    Spells: 6/6 levels left

rFire    . . .     SeeInvis .   h - +1 whip (freeze)
rCold    + . .     Faith    .   c - +0 kite shield
rNeg     . . .     Spirit   .   i - +1 robe {rC+}
rPois    .         Reflect  .   (helmet restricted)
rElec    .         Harm     .   (no cloak)
rCorr    .         Rampage  .   (gloves unavailable)
Will     .....                  (boots unavailable)
Stlth    +.........             (no amulet)
HPRegen  1.21/turn              (no ring)
MPRegen  0.10/turn              (no ring)

@: no status effects
A: large, unfitting armour, claws 3, regeneration 1, shaggy fur 1, tough skin 1
a: no special abilities


You were on level 4 of the Dungeon.
You visited 1 branch of the dungeon, and saw 4 of its levels.

You collected 138 gold pieces.

Inventory:

Hand Weapons
 a - a +2 flail
 h - a +1 whip of freezing (weapon)
Missiles
 g - a poisoned dart (quivered)
Armour
 b - a +0 robe
 c - a +0 kite shield (worn)
 i - a +1 robe of cold resistance (worn)
Wands
 d - a wand of iceblast (3)
Potions
 e - a potion of berserk rage {unknown}


   Skills:
 + Level 3.3 Fighting
 + Level 4.4 Maces & Flails
 + Level 1.4 Throwing
 + Level 3.8 Dodging
 + Level 3.3 Shields


You had 6 spell levels left.
You didn't know any spells.
Your spell library contained the following spells:

 Spells                   Type           Power      Damage    Failure   Level
 Pain                     Necr           0%         1d4       88%         1
 Slow                     Hex            0%         N/A       96%         2
 Confusing Touch          Hex            0%         N/A       99%         3
 Vampiric Draining        Necr           0%         2d6       99%         3
 Agony                    Necr           0%         N/A       100%        5
 Excruciating Wounds      Necr           0%         N/A       100%        5


Dungeon Overview and Level Annotations

Branches:
Dungeon (4/15)
 Temple: D:4-7

Altars:


Innate Abilities, Weirdness & Mutations

You are too large for most types of armour.
You have claws for hands.
Your natural rate of healing is unusually fast.
You are covered in fur. (AC +1)
You have tough skin. (AC +1)


Message History

There is an open door here.
Found 20 arrows.
A giant cockroach comes into view.
Found 24 stones.
The giant cockroach moves out of view.
A giant cockroach is nearby!
You hit the giant cockroach but do no damage.
The giant cockroach closely misses you. You block the giant cockroach's attack.
You barely miss the giant cockroach. You block the giant cockroach's attack.
You hit the giant cockroach but do no damage.
The giant cockroach bites you but does no damage.
You hit the giant cockroach. You freeze the giant cockroach.
The giant cockroach is heavily wounded.
The giant cockroach barely misses you.
You hit the giant cockroach. You freeze the giant cockroach.
You kill the giant cockroach!
You have reached level 7!
You see here 20 arrows.
Found a scale mail.
You see here a +0 scale mail.
A two-headed ogre comes into view.
It is wielding a +0 giant club and a +0 giant spiked club.
A two-headed ogre is nearby!
A two-headed ogre is nearby!
A two-headed ogre is nearby!
Unknown command.
You block the two-headed ogre's attack. x2
You hit the two-headed ogre but do no damage.
The two-headed ogre hits you with a +0 giant club!
The two-headed ogre hits you with a +0 giant spiked club!!
Unknown command.
Okay, then.
Okay, then.
Really read the scroll of torment?
As you read the scroll of torment, it crumbles to dust.
Your body is wracked with pain!
* * * LOW HITPOINT WARNING * * *
The two-headed ogre convulses!
The two-headed ogre hits you with a +0 giant club!
* * * LOW HITPOINT WARNING * * *
The two-headed ogre hits you with a +0 giant spiked club!!
You die...

#............##...
#.#####......#....
#.# #........###
#[# #.####.### #.#
#.# #.# #.# ..#
#.# #.# ### #.#
#.# #.# #@# # #.#
#O##.##### #.#
#......... ..#
####.##### #


You could see a two-headed ogre.

Vanquished Creatures
  Pikel (D:4)
  A hound (D:4)
  An adder (D:3)
  3 worms
  2 dart slugs (D:1)
  3 orcs (D:3)
  7 ball pythons
  7 endoplasms
  3 giant cockroaches
  8 goblins (D:3)
  10 hobgoblins
  A quokka (D:3)
  A bat (D:1)
  A frilled lizard (D:1)
  4 rats
53 creatures vanquished.

Notes
Turn   | Place    | Note
-------+----------+-------------------------------------------
     0 | D:1      | zeram the Troll Fighter began the quest for the Orb.
     0 | D:1      | Reached XP level 1. HP: 22/22 MP: 0/0
   146 | D:1      | Reached XP level 2. HP: 29/29 MP: 1/1
   205 | D:1      | Found a faded altar of an unknown god.
   421 | D:1      | Reached skill level 2 in Maces & Flails
  1048 | D:3      | Reached XP level 3. HP: 25/36 MP: 2/2
  1353 | D:3      | Reached XP level 4. HP: 44/44 MP: 3/3
  1670 | D:4      | Noticed a lemure
  1670 | D:4      | Noticed a lemure
  1670 | D:4      | Noticed Pikel
  1672 | D:4      | Noticed a lemure
  1675 | D:4      | Noticed a lemure
  1681 | D:4      | Killed Pikel
  1682 | D:4      | Reached skill level 4 in Maces & Flails
  1682 | D:4      | Reached skill level 1 in Throwing
  1682 | D:4      | Reached XP level 5. HP: 19/53 MP: 4/4
  1682 | D:4      | Reached XP level 6. HP: 22/61 MP: 5/5
  1847 | D:4      | Reached XP level 7. HP: 67/67 MP: 6/6
  1919 | D:4      | Noticed a two-headed ogre
  1924 | D:4      | Demolished by a two-headed ogre

Illustrated notes

Levels and vault maps discovered:
D:1:      dpeg_arrival_simpleton_c, layout_loops_ring,
          dreamdust_ecumenical_altar_angels_and_demons, minivault_19
D:2:      layout_basic, serial_curves, eino_curves_02, eino_curves_04,
          eino_curves_01
D:3:      layout_basic, minmay_goblin_outpost
D:4:      layout_loops_ring, kennysheep_generic_room_11, uniq_ijyb, uniq_pikel

Skill      XL: |  1  2  3  4 |
---------------+-------------+-----
Maces & Flails | 2 4 |  4.4
Fighting       | 3 |  3.3
Throwing       | 1 |  1.4
Dodging        | 3 |  3.8
Shields        | 3 |  3.3

Action                   |  1- 3 |  4- 6 |  7- 9 || total
-------------------------+-------+-------+-------++-------
Melee: Flail             |   151 |    27 |       ||   178
       Whip              |       |    15 |     1 ||    16
Throw: Dart              |       |    10 |       ||    10
  Use: Scroll            |     6 |     1 |     1 ||     8
       Potion            |       |     1 |       ||     1
Armor: Robe              |    81 |    15 |       ||    96
Dodge: Dodged            |    82 |    22 |       ||   104
Block: Kite shield       |    87 |    26 |     2 ||   115
